 Dungeon Crawl Stone Soup version 0.30-a0-937-ga0a21ad780 (webtiles) character file.

Game seed: 17597068328517645480

709 Iniera the Carver (level 7, -2/44 HPs)
             Began as a Tengu Monk on Mar 25, 2023.
             Slain by Prince Ribbit (11 damage)
             ... on level 5 of the Dungeon.
             The game lasted 00:06:57 (4157 turns).

Iniera the Carver (Tengu Monk)                      Turns: 4157, Time: 00:06:58

Health: -2/44      AC: 10    Str: 11    XL:     7   Next: 68%
Magic:  8/8        EV: 11    Int: 10    God:
Gold:   104        SH:  0    Dex: 19    Spells: 6/6 levels left

rFire   . . .      SeeInvis .    a - +0 great sword (chaos)
rCold   . . .      Faith    .    (shield currently unavailable)
rNeg    . . .      Spirit   .    s - +0 scale mail
rPois   .          Reflect  .    (helmet restricted)
rElec   .          Rampage  .    (no cloak)
rCorr   .                        (no gloves)
Will    +....                    (boots unavailable)
Stlth   +                        (no amulet)
HPRegen 0.27/turn                g - ring of willpower
MPRegen 0.11/turn                d - +4 ring of protection

@: flying quickly and evasively, quick
A: beak, talons 3, nimble flight
a: no special abilities


You were on level 5 of the Dungeon.
You visited 1 branch of the dungeon, and saw 5 of its levels.
You also visited: Sewer.

You collected 265 gold pieces.
You spent 161 gold pieces at shops.

Inventory:

Hand Weapons
 a - a +0 great sword of chaos (weapon)
 b - a +0 arbalest
Missiles
 c - 3 throwing nets (quivered)
 f - 4 curare-tipped darts
Armour
 s - a +0 scale mail (worn)
Jewellery
 d - a +4 ring of protection (right hand)
 g - a ring of willpower (left hand)
Wands
 r - a wand of iceblast (22)
Scrolls
 e - a scroll of vulnerability
 h - a scroll of enchant armour {unknown}
 i - 4 scrolls of teleportation {unknown}
 j - a scroll of immolation {unknown}
 m - a scroll of magic mapping {unknown}
 o - a scroll of fog {unknown}
 t - a scroll of amnesia {unknown}
 w - 2 scrolls of enchant weapon {unknown}
Potions
 k - 3 potions of might {unknown}
 l - 2 potions of heal wounds {unknown}
 n - a potion of haste {unknown}
 p - 2 potions of resistance {unknown}
 q - a potion of curing {unknown}
 u - a potion of lignification {unknown}


   Skills:
 + Level 4.5 Fighting
 * Level 8.8 Long Blades
 - Level 3.2 Dodging
 - Level 2.0 Stealth


You had 6 spell levels left.
You didn't know any spells.
Your spell library contained the following spells:

 Spells                   Type           Power      Damage    Failure   Level
 Magic Dart               Conj           0%         1d3       94%         1
 Sandblast                Erth           0%         2d4       94%         1
 Lesser Beckoning         Tloc           0%         N/A       98%         2
 Passwall                 Tmut/Erth      0%         N/A       98%         2
 Searing Ray              Conj           0%         2d4       98%         2
 Call Canine Familiar     Summ           0%         N/A       100%        3
 Gell's Gravitas          Tloc           0%         N/A       100%        3
 Portal Projectile        Hex/Tloc       0%         N/A       100%        3
 Stone Arrow              Conj/Erth      0%         3d7       100%        3
 Teleport Other           Tloc           0%         N/A       100%        3
 Fulminant Prism          Conj/Hex       0%         3d5       100%        4
 Leda's Liquefaction      Hex/Erth       0%         N/A       100%        4


Dungeon Overview and Level Annotations

Branches:
Dungeon (5/15)              Sewer (visited)
 Temple: D:4-7

Altars:

Shops:
D:1 ?

Annotations:
D:5 Prince Ribbit


Innate Abilities, Weirdness & Mutations

You have a beak for a mouth.
You have claws for feet.
Your magical nature lets you fly swiftly and evasively.


Message History

You resist with some effort.
Your quokka zombie bites Menkaure but does no damage.
Prince Ribbit hits you!
You catch the helpless Menkaure completely off-guard!
You hit Menkaure but do no damage.
Menkaure is severely damaged.
Menkaure hits you!! Prince Ribbit hits you!
* * * LOW HITPOINT WARNING * * *
Your quokka zombie bites Menkaure but does no damage.
Menkaure barely misses you.
Prince Ribbit blinks!
You are confused.
You feel invigorated.
Your quokka zombie barely misses Menkaure.
Menkaure barely misses you.
You're too confused to attack without stumbling around!
You're too confused to attack without stumbling around!
You're too confused to attack without stumbling around!
Are you sure you want to stumble around while confused and next to your quokka zombie?
You slash Menkaure! You burn Menkaure.
You destroy Menkaure!
Your quokka zombie bites Prince Ribbit.
Prince Ribbit hits you.
* * * LOW HITPOINT WARNING * * *
Your quokka zombie bites Prince Ribbit.
Unknown command.
Unknown command.
Unknown command.
Are you sure you want to stumble around while confused and next to your quokka zombie?
Found 13 gold pieces.
Prince Ribbit blinks!
You feel less invigorated.
You feel less confused.
Prince Ribbit blinks!
Prince Ribbit hits your quokka zombie!!
Your quokka zombie is destroyed!
Prince Ribbit blinks!
Prince Ribbit closely misses you. Prince Ribbit barely misses you. x2
Prince Ribbit attacks as you move away! Prince Ribbit hits you!
* * * LOW HITPOINT WARNING * * *
Prince Ribbit attacks as you move away! Prince Ribbit hits you!
You die...

########.........#
........<......#...
####.........# #.
#....###### #....#
#....#######
###......... ...
#......... ....
#@........
....#########F........
....[.................
...)..........########
..............#
..............#
..............#
..............#
....######+####


You could see Prince Ribbit.

Vanquished Creatures
  Menkaure (D:5)
  An ogre (D:4)
  2 bullfrogs (Sewer)
  Blork the orc (D:5)
  A scorpion (D:5)
  A hound (D:5)
  A jelly (D:4)
  4 gnolls (D:3)
  5 adders
  An ufetubus (D:4)
  4 worms
  5 orcs
  14 ball pythons
  11 endoplasms
  5 giant cockroaches
  4 goblins
  6 hobgoblins
  6 jackals
  7 kobolds
  12 quokkas
  4 bats
  10 frilled lizards
  3 rats (D:1)
109 creatures vanquished.

Vanquished Creatures (others)
  A ball python zombie (Sewer)
  A quokka zombie (D:5)
2 creatures vanquished.

Grand Total: 111 creatures vanquished

Notes
Turn   | Place    | Note
-------+----------+-------------------------------------------
     0 | D:1      | Iniera the Tengu Monk began the quest for the Orb.
     0 | D:1      | Reached XP level 1. HP: 14/14 MP: 2/2
   126 | D:1      | Reached XP level 2. HP: 19/19 MP: 3/3
   186 | D:1      | Reached skill level 4 in Long Blades
   438 | D:1      | Found Woen's Magic Scroll Shop.
   444 | D:1      | Bought a scroll of identify for 28 gold pieces
   818 | D:1      | Reached XP level 3. HP: 23/23 MP: 4/4
  1933 | D:3      | Reached skill level 5 in Long Blades
  2218 | D:3      | Reached XP level 4. HP: 28/28 MP: 5/5
  2607 | D:3      | Reached skill level 6 in Long Blades
  2816 | D:1      | Bought a scroll of brand weapon for 133 gold pieces
  3065 | D:4      | Gained mutation: Your magical nature lets you fly swiftly
                  | and evasively. [Tengu growth]
  3065 | D:4      | Reached XP level 5. HP: 32/32 MP: 6/6
  3145 | D:4      | Noticed an ogre
  3160 | D:4      | Killed an ogre
  3252 | D:4      | Reached skill level 7 in Long Blades
  3303 | D:4      | Reached XP level 6. HP: 37/37 MP: 7/7
  3353 | D:4      | Found a glowing drain.
  3376 | Sewer    | Entered a sewer
  3710 | D:4      | Reached XP level 7. HP: 24/42 MP: 8/8
  4041 | D:5      | Entered Level 5 of the Dungeon
  4050 | D:5      | Reached skill level 8 in Long Blades
  4059 | D:5      | Noticed Blork the orc
  4065 | D:5      | Killed Blork the orc
  4132 | D:5      | Noticed Menkaure
  4135 | D:5      | Noticed Prince Ribbit
  4143 | D:5      | Killed Menkaure
  4157 | D:5      | Slain by Prince Ribbit

Illustrated notes

Levels and vault maps discovered:
D:1:      mrwooster_arrival_statue, layout_loops_corners, serial_shops,
          nicolae_shop_statue_plus, minmay_misc_feat_plants,
          minmay_tiny_reverse_x
D:2:      layout_basic
D:3:      layout_loops_ring
D:4:      layout_cave_pools, cheibrodos_sewer_entry_bend
D:5:      layout_basic, grunt_temple_overflow_open, uniq_prince_ribbit1,
          uniq_duvessa, uniq_blork_the_orc, uniq_menkaure

Skill      XL: |  1  2  3  4  5  6  7 |
---------------+----------------------+-----
Long Blades    | 4 5 6 7 8 |  8.8
Fighting       | 4 |  4.5
Dodging        | |  3.2
Stealth        | |  2.0

Action                     |  1- 3 |  4- 6 |  7- 9 || total
---------------------------+-------+-------+-------++-------
  Melee: Falchion          |    29 |    44 |       ||    73
         Kick              |    15 |    40 |       ||    55
         Peck              |     9 |    16 |     1 ||    26
         Whip              |    50 |    17 |       ||    67
         Punch             |     1 |       |       ||     1
         Great sword       |       |    80 |     9 ||    89
   Fire: Arbalest          |       |       |     6 ||     6
    Use: Scroll            |     2 |     3 |       ||     5
         Potion            |       |     2 |     1 ||     3
   Stab: Sleeping          |    13 |       |       ||    13
         Invisible         |       |     3 |       ||     3
         Distracted        |       |       |     2 ||     2
 Armour: Robe              |    19 |       |       ||    19
         Scale mail        |       |    44 |     4 ||    48
         Leather armour    |       |     1 |       ||     1
  Dodge: Dodged            |    38 |    83 |     7 ||   128
  Block: Buckler           |       |     3 |       ||     3

Table legend: (Time is in decaauts)
 A = Elapsed time spent in this place.
 B = Non-inter-level travel time spent in this place.
 C = Inter-level travel time spent in this place.
 D = Time resting spent in this place.
 E = Time spent auto-exploring this place.
 F = Levels seen in this place.
 G = Mean time per level.
                   A        B        C        D        E       F      G
               +--------+--------+--------+--------+--------+-----+--------+
         Total |   4120 |   3791 |    329 |    197 |   2822 |   6 |  686.7 |
       Dungeon |   3842 |   3513 |    329 |    197 |   2707 |   5 |  768.4 |
         Sewer |    277 |    277 |      0 |      0 |    114 |   1 |  277.0 |
               +--------+--------+--------+--------+--------+-----+--------+

Top non-repeatable levels by time:
     D:1: 1178 daAuts
     D:3: 945 daAuts
     D:2: 872 daAuts
     D:4: 732 daAuts
   Sewer: 277 daAuts
     D:5: 114 daAuts
